% Time on Ice - VICTORIA GLADIATORS
Lines # - Real PCT - Wanted PCT - Time Play
Normal Forward
1 - 35% - 36% - 17:01
2 - 32% - 34% - 15:53
3 - 23% - 25% - 11:17
4 - 10% - 5% - 4:56
Normal Defense
1 - 42% - 40% - 20:30
2 - 35% - 35% - 17:13
3 - 23% - 25% - 11:24
4 - 0% - 0% - 0:00
PP Forward
1 - 33% - 60% - 0:42
2 - 67% - 40% - 1:27
PP Defense
1 - 58% - 60% - 1:15
2 - 42% - 40% - 0:54
PK Forward
1 - 76% - 60% - 5:07
2 - 24% - 40% - 1:38
PK Defense
1 - 58% - 60% - 3:56
2 - 42% - 40% - 2:49
PK3 Forward
1 - 0% - 55%
2 - 0% - 45%
PK3 Defense
1 - 0% - 55%
2 - 0% - 45%
44 Forward
1 - 67% - 52% - 1:20
2 - 33% - 48% - 0:39
44 Defense
1 - 67% - 52% - 1:20
2 - 33% - 48% - 0:39
Last Minute Offensive  - 0:00
Last Minute Defensive  - 0:00
Total
Forward - 60:00
Defense - 60:00
% Time on Ice - LAS VEGAS LIZARD KINGS
Lines # - Real PCT - Wanted PCT - Time Play
Normal Forward
1 - 35% - 36% - 17:17
2 - 29% - 30% - 14:17
3 - 24% - 25% - 11:35
4 - 12% - 9% - 5:58
Normal Defense
1 - 39% - 45% - 18:59
2 - 35% - 35% - 17:19
3 - 26% - 20% - 12:49
4 - 0% - 0% - 0:00
PP Forward
1 - 57% - 65% - 3:52
2 - 43% - 35% - 2:53
PP Defense
1 - 60% - 55% - 4:02
2 - 40% - 45% - 2:43
PK Forward
1 - 69% - 55% - 1:29
2 - 31% - 45% - 0:40
PK Defense
1 - 67% - 60% - 1:27
2 - 33% - 40% - 0:42
PK3 Forward
1 - 0% - 55%
2 - 0% - 45%
PK3 Defense
1 - 0% - 55%
2 - 0% - 45%
44 Forward
1 - 64% - 55% - 1:16
2 - 36% - 45% - 0:43
44 Defense
1 - 64% - 55% - 1:16
2 - 36% - 45% - 0:43
Last Minute Offensive  - 0:00
Last Minute Defensive  - 0:00
Total
Forward - 60:00
Defense - 60:00
Play-by-Play 1st period 0:01 of 1st period - Mark Scheifele wins face-off versus Ryan Nugent-Hopkins in neutral zone. 1:07 of 1st period - Shot by Adam Lowry. 1:07 of 1st period - Stopped by Sergei Bobrovsky without a rebound. 1:08 of 1st period - Jeff Carter wins face-off versus Noel Acciari in LAS VEGAS LIZARD KINGS zone. 1:08 of 1st period - Jeff Carter is hit by Noel Acciari. 1:11 of 1st period - Minor Penalty to Noel Acciari for Interference. 1:12 of 1st period - Jeff Carter wins face-off versus Brock McGinn in VICTORIA GLADIATORS zone. 1:17 of 1st period - Shot by Dillon Dube. 1:17 of 1st period - Shot Misses the Net. 1:19 of 1st period - Shot by Matthew Grzelcyk. 1:19 of 1st period - Stopped by Jake Oettinger without a rebound. 1:20 of 1st period - Ryan Nugent-Hopkins wins face-off versus Brock McGinn in VICTORIA GLADIATORS zone. 1:21 of 1st period - Shot by Brandon Hagel. 1:21 of 1st period - Stopped by Jake Oettinger without a rebound. 1:22 of 1st period - Joe Pavelski wins face-off versus Brock McGinn in VICTORIA GLADIATORS zone. 1:23 of 1st period - Shot by Ryan Nugent-Hopkins. 1:23 of 1st period - Stopped by Jake Oettinger without a rebound. 1:24 of 1st period - Ryan Nugent-Hopkins wins face-off versus Brock McGinn in VICTORIA GLADIATORS zone. 1:37 of 1st period - Shot by Brandon Hagel. 1:37 of 1st period - Stopped by Jake Oettinger with a rebound. 1:59 of 1st period - Shot by Brandon Hagel. 1:59 of 1st period - Goal by Brandon Hagel - VICTORIA GLADIATORS : 0 - LAS VEGAS LIZARD KINGS : 1. 2:00 of 1st period - Jeff Carter wins face-off versus Adam Lowry in neutral zone. 2:12 of 1st period - Icing by Jan Rutta. 2:13 of 1st period - Luke Glendening wins face-off versus Adam Lowry in VICTORIA GLADIATORS zone. 2:33 of 1st period - Icing by Jan Rutta. 2:34 of 1st period - Vladislav Namestnikov wins face-off versus Adam Lowry in VICTORIA GLADIATORS zone. 2:35 of 1st period - Shot by Brandon Hagel. 2:35 of 1st period - Stopped by Jake Oettinger without a rebound. 2:36 of 1st period - Vladislav Namestnikov wins face-off versus Alex Iafallo in VICTORIA GLADIATORS zone. 3:04 of 1st period - Icing by Tyler Myers. 3:05 of 1st period - Noel Acciari wins face-off versus Jeff Carter in VICTORIA GLADIATORS zone. 3:17 of 1st period - Dillon Dube is hit by Brandon Montour and loses puck. 3:38 of 1st period - Shot by Dillon Dube. 3:38 of 1st period - Goal by Dillon Dube - VICTORIA GLADIATORS : 0 - LAS VEGAS LIZARD KINGS : 2. 3:39 of 1st period - Ryan Nugent-Hopkins wins face-off versus Adam Lowry in neutral zone. 3:41 of 1st period - Off-side. 3:42 of 1st period - Adam Lowry wins face-off versus Ryan Nugent-Hopkins in neutral zone. 3:44 of 1st period - Off-side. 3:45 of 1st period - Mark Scheifele wins face-off versus Ryan Nugent-Hopkins in neutral zone. 4:20 of 1st period - Shot by Mark Scheifele. 4:20 of 1st period - Stopped by Sergei Bobrovsky without a rebound. 4:21 of 1st period - Vladislav Namestnikov wins face-off versus Adam Lowry in LAS VEGAS LIZARD KINGS zone. 4:21 of 1st period - Vladislav Namestnikov is hit by Frank Vatrano. 4:37 of 1st period - Shot by Frank Vatrano. 4:37 of 1st period - Shot Misses the Net. 4:54 of 1st period - Shot by Frank Vatrano. 4:54 of 1st period - Stopped by Sergei Bobrovsky without a rebound. 4:55 of 1st period - Jeff Carter wins face-off versus Mason Appleton in LAS VEGAS LIZARD KINGS zone. 6:05 of 1st period - Shot by Johnny Gaudreau. 6:05 of 1st period - Shot Blocked by Justin Faulk. 6:15 of 1st period - Shot by David Pastrnak. 6:15 of 1st period - Stopped by Sergei Bobrovsky without a rebound. 6:16 of 1st period - Vladislav Namestnikov wins face-off versus Jason Zucker in LAS VEGAS LIZARD KINGS zone. 6:25 of 1st period - Shot by Brandon Hagel. 6:25 of 1st period - Stopped by Jake Oettinger without a rebound. 6:26 of 1st period - Noel Acciari wins face-off versus Vladislav Namestnikov in VICTORIA GLADIATORS zone. 6:28 of 1st period - Icing by Brandon Montour. 6:29 of 1st period - Noel Acciari wins face-off versus Vladislav Namestnikov in VICTORIA GLADIATORS zone. 6:42 of 1st period - Shot by Barclay Goodrow. 6:42 of 1st period - Deflect By Alex Iafallo. 6:42 of 1st period - Shot Blocked by Brandon Hagel. 6:46 of 1st period - Shot by Brandon Montour. 6:46 of 1st period - Stopped by Sergei Bobrovsky without a rebound. 6:47 of 1st period - Adam Lowry wins face-off versus Johnny Gaudreau in LAS VEGAS LIZARD KINGS zone. 7:10 of 1st period - Shot by Ryan Nugent-Hopkins. 7:10 of 1st period - Shot Misses the Net. 7:12 of 1st period - Shot by Ryan Nugent-Hopkins. 7:12 of 1st period - Shot Misses the Net. 7:14 of 1st period - Shot by Johnny Gaudreau. 7:14 of 1st period - Stopped by Jake Oettinger with a rebound. 7:16 of 1st period - Shot by Joe Pavelski. 7:16 of 1st period - Shot Misses the Net. 7:28 of 1st period - Shot by Ryan Nugent-Hopkins. 7:28 of 1st period - Shot Blocked by Frank Vatrano. 7:30 of 1st period - Shot by Ryan Nugent-Hopkins. 7:30 of 1st period - Shot Blocked by Ivan Provorov. 7:50 of 1st period - Off-side. 7:51 of 1st period - Mark Scheifele wins face-off versus Luke Glendening in neutral zone. 7:54 of 1st period - Zemgus Girgensons is hit by David Pastrnak and loses puck. 9:04 of 1st period - Jeff Carter is hit by Noel Acciari and loses puck. 9:17 of 1st period - Shot by Barclay Goodrow. 9:17 of 1st period - Stopped by Sergei Bobrovsky with a rebound. 9:19 of 1st period - Shot by Justin Holl. 9:19 of 1st period - Stopped by Sergei Bobrovsky without a rebound. 9:20 of 1st period - Vladislav Namestnikov wins face-off versus Adam Lowry in LAS VEGAS LIZARD KINGS zone. 9:52 of 1st period - Off-side. 9:53 of 1st period - Ryan Nugent-Hopkins wins face-off versus Mark Scheifele in neutral zone. 10:01 of 1st period - Johnny Gaudreau is hit by Tyler Myers and loses puck. 10:17 of 1st period - Shot by Joe Pavelski. 10:17 of 1st period - Stopped by Jake Oettinger without a rebound. 10:18 of 1st period - Noel Acciari wins face-off versus Jeff Carter in VICTORIA GLADIATORS zone. 10:18 of 1st period - Noel Acciari is hit by Dillon Dube. 10:23 of 1st period - Noel Acciari is hit by Jeff Carter and loses puck. 10:32 of 1st period - Matt Roy is hit by Barclay Goodrow and loses puck. 11:26 of 1st period - Shot by Frank Vatrano. 11:26 of 1st period - Shot Misses the Net. 11:28 of 1st period - Shot by Justin Faulk. 11:28 of 1st period - Shot Blocked by Dmitry Kulikov. 11:33 of 1st period - Minor Penalty to Dmitry Kulikov for Roughing. 11:34 of 1st period - Mark Scheifele wins face-off versus Ty Dellandrea in LAS VEGAS LIZARD KINGS zone. 11:37 of 1st period - Shot by David Pastrnak. 11:37 of 1st period - Shot Misses the Net. 11:39 of 1st period - Shot by Mark Scheifele. 11:39 of 1st period - Shot Blocked by John Marino. 11:41 of 1st period - Shot by Ivan Provorov. 11:41 of 1st period - Shot Misses the Net. 11:43 of 1st period - Shot by Ivan Provorov. 11:43 of 1st period - Goal by Ivan Provorov - VICTORIA GLADIATORS : 1 - LAS VEGAS LIZARD KINGS : 2. 11:44 of 1st period - Mark Scheifele wins face-off versus Vladislav Namestnikov in neutral zone. 11:55 of 1st period - Shot by Brad Marchand. 11:55 of 1st period - Stopped by Sergei Bobrovsky with a rebound. 12:04 of 1st period - Icing by Brandon Montour. 12:05 of 1st period - Ryan Nugent-Hopkins wins face-off versus David Pastrnak in VICTORIA GLADIATORS zone. 12:22 of 1st period - Off-side. 12:23 of 1st period - Vladislav Namestnikov wins face-off versus Adam Lowry in neutral zone. 12:50 of 1st period - Shot by Adam Lowry. 12:50 of 1st period - Stopped by Sergei Bobrovsky without a rebound. 12:51 of 1st period - Mark Scheifele wins face-off versus Ryan Nugent-Hopkins in LAS VEGAS LIZARD KINGS zone. 12:59 of 1st period - Icing by Matt Roy. 13:00 of 1st period - Ryan Nugent-Hopkins wins face-off versus Noel Acciari in LAS VEGAS LIZARD KINGS zone. 13:02 of 1st period - Minor Penalty to Noel Acciari for Hooking. 13:03 of 1st period - Ryan Nugent-Hopkins wins face-off versus Brock McGinn in VICTORIA GLADIATORS zone. 13:03 of 1st period - Ryan Nugent-Hopkins is hit by Tyler Myers. 13:46 of 1st period - Ryan Nugent-Hopkins is hit by Jan Rutta and loses puck. 14:25 of 1st period - Shot by Dillon Dube. 14:25 of 1st period - Shot Misses the Net. 14:37 of 1st period - Dillon Dube is hit by Barclay Goodrow and loses puck. 15:26 of 1st period - Shot by Mark Scheifele. 15:26 of 1st period - Shot Misses the Net. 15:42 of 1st period - Shot by Mark Scheifele. 15:42 of 1st period - Deflect By David Pastrnak. 15:42 of 1st period - Shot Blocked by John Marino. 15:44 of 1st period - Shot by Ivan Provorov. 15:44 of 1st period - Shot Blocked by Brayden McNabb. 15:59 of 1st period - Icing by John Marino. 16:00 of 1st period - Zemgus Girgensons wins face-off versus Mason Appleton in LAS VEGAS LIZARD KINGS zone. 16:21 of 1st period - Shot by Brock McGinn. 16:21 of 1st period - Stopped by Sergei Bobrovsky without a rebound. 16:22 of 1st period - Ryan Nugent-Hopkins wins face-off versus Adam Lowry in LAS VEGAS LIZARD KINGS zone. 16:47 of 1st period - Shot by Ryan Nugent-Hopkins. 16:47 of 1st period - Stopped by Jake Oettinger without a rebound. 16:48 of 1st period - Noel Acciari wins face-off versus Vladislav Namestnikov in VICTORIA GLADIATORS zone. 17:07 of 1st period - Shot by Vladislav Namestnikov. 17:07 of 1st period - Shot Misses the Net. 17:09 of 1st period - Shot by Vladislav Namestnikov. 17:09 of 1st period - Shot Blocked by Justin Faulk. 17:11 of 1st period - Shot by Brandon Hagel. 17:11 of 1st period - Stopped by Jake Oettinger with a rebound. 17:31 of 1st period - Shot by Brandon Hagel. 17:31 of 1st period - Stopped by Jake Oettinger with a rebound. 17:33 of 1st period - Shot by Vladislav Namestnikov. 17:33 of 1st period - Shot Misses the Net. 18:05 of 1st period - Shot by Joe Pavelski. 18:05 of 1st period - Shot Misses the Net. 18:24 of 1st period - Minor Penalty to Ryan Nugent-Hopkins for Tripping. 18:24 of 1st period - Minor Penalty to Brandon Montour for Boarding. 18:25 of 1st period - Mark Scheifele wins face-off versus Evan Rodrigues in VICTORIA GLADIATORS zone. 18:43 of 1st period - Shot by Johnny Gaudreau. 18:43 of 1st period - Shot Misses the Net. 18:49 of 1st period - Shot by Johnny Gaudreau. 18:49 of 1st period - Shot Misses the Net. 18:55 of 1st period - Shot by Evan Rodrigues. 18:55 of 1st period - Shot Misses the Net. 19:25 of 1st period - Shot by Jeff Carter. 19:25 of 1st period - Shot Blocked by Justin Faulk. 19:27 of 1st period - Shot by Dmitry Kulikov. 19:27 of 1st period - Shot Misses the Net. Goals for this period are 1 for VICTORIA GLADIATORS vs 2 for LAS VEGAS LIZARD KINGS. Shots for this period are 11 for VICTORIA GLADIATORS vs 13 for LAS VEGAS LIZARD KINGS. 2nd period 0:01 of 2nd period - Mark Scheifele wins face-off versus Evan Rodrigues in neutral zone. 0:06 of 2nd period - Icing by Brayden McNabb. 0:07 of 2nd period - Mark Scheifele wins face-off versus Evan Rodrigues in LAS VEGAS LIZARD KINGS zone. 0:47 of 2nd period - Shot by Jeff Carter. 0:47 of 2nd period - Shot Blocked by Brandon Montour. 1:35 of 2nd period - Shot by Ryan Nugent-Hopkins. 1:35 of 2nd period - Shot Blocked by Brad Marchand. 1:37 of 2nd period - Shot by Ryan Nugent-Hopkins. 1:37 of 2nd period - Stopped by Jake Oettinger without a rebound. 1:38 of 2nd period - Vladislav Namestnikov wins face-off versus Noel Acciari in VICTORIA GLADIATORS zone. 1:42 of 2nd period - Icing by Alex Iafallo. 1:43 of 2nd period - Vladislav Namestnikov wins face-off versus Noel Acciari in VICTORIA GLADIATORS zone. 2:00 of 2nd period - Brandon Hagel is hit by Barclay Goodrow and loses puck. 3:58 of 2nd period - Dillon Dube is hit by Brandon Montour and loses puck. 4:00 of 2nd period - Minor Penalty to Brandon Montour for Hooking. 4:01 of 2nd period - Noel Acciari wins face-off versus Jeff Carter in VICTORIA GLADIATORS zone. 4:41 of 2nd period - Icing by Johnny Gaudreau. 4:42 of 2nd period - Ryan Nugent-Hopkins wins face-off versus Bar